AoeStats
← WachTraeumer

Arena

509318829Analyzed
2v2 RM · 6d ago on Sep 26, 2026· 15m 40s· 4 players
Game mode
Random Map
Map size
Medium (4 player)
Population
200
Speed
Normal
Resources
Standard
Victory
Conquest
Starting age
Dark Age
Ending age
Imperial Age
RankedLock teamsTeams togetherTeam positionsShared explorationLock speedFull tech treeHidden civsTurbo modeCheats
Victory
Defeat
🇮🇳 Hindustanis · India
1120
+19
🇩🇪 Burgundians · Germany
1072
+21
🇦🇷 Bohemians · Argentina
1252
-23
🇲🇽 Burgundians · Mexico
1106
-17
WachTraeumer
3:36 Double-Bit Axe
6:50 Horse Collar
10:51 Feudal Age
15:18 Castle Age
VirenMeghanSara
7:38 Loom
10:09 Feudal Age
10:47 Loom
14:22 Castle Age
12:21 Double-Bit Axe
Arthurion
6:48 Double-Bit Axe
10:12 Wheelbarrow
11:27 Feudal Age
10:55 Horse Collar
11:43 Gold Mining
11:43 Stone Mining
14:06 Loom
17:14 Castle Age
HernanJC
9:21 Feudal Age
8:52 Loom
13:11 Castle Age
11:52 Double-Bit Axe
Connection lost

Rejoining the realm…

Still unreachable

The connection could not be restored.

Session expired

The server has moved on; the page needs a fresh start.